 Dungeon Sprint DCSS version 0.20-a0-1101-g1de9d76 (webtiles) character file.

455 potatolord5000 the Blocker (level 7, -14/63 HPs)
             Began as a Formicid Fighter on May 4, 2017.
             Demolished by a tyrant leech (19 damage)
             ... in the Dungeon (Sprint II: "The Violet Keep of Menkaure").
             The game lasted 00:01:49 (244 turns).

potatolord5000 the Blocker (Formicid Fighter)        Turns: 244, Time: 00:01:49

Health: -14/63     AC:  8    Str: 27    XL:     7   Next: 26%
Magic:  7/7        EV: 10    Int:  8    God:
Gold:   486        SH: 12    Dex: 10    Spells: 6/6 levels left

rFire    . . .     SeeInvis +   a - +0 war axe
rCold    . . .     Gourm    .   c - +0 shield
rNeg     . . .     Faith    .   b - +0 scale mail
rPois    .         Spirit   .   (helmet unavailable)
rElec    .         Reflect  .   (no cloak)
rCorr    .         Harm     .   (no gloves)
MR       .....                  (no boots)
Stlth    ..........             (no amulet)
Regen    0.2/turn               (no ring)
MPRegen  0.1/turn               (no ring)

@: mighty
A: permanent stasis, dig shafts and tunnels, four strong arms, antennae 3
a: Dig


You were in the Dungeon.
You were not hungry.

You visited 1 branch You collected 486 gold pieces.

Inventory:

Hand Weapons
 a - a +0 war axe (weapon)
Armour
 b - a +0 scale mail (worn)
 c - a +0 shield (worn)
Scrolls
 k - a scroll of blinking
Potions
 h - a potion of haste
 i - 2 potions of magic
 j - a potion of berserk rage
Comestibles
 f - a bread ration


   Skills:
 + Level 8.6 Fighting
 + Level 7.5 Axes
 + Level 8.8 Armour
 + Level 9.4 Shields


You had 6 spell levels left.
You didn't know any spells.

Dungeon Overview and Level Annotations

Branches:
Dungeon (1/1)

Altars:


Innate Abilities, Weirdness & Mutations

You cannot be hasted, slowed, berserked, paralysed or teleported.
You can dig through walls and to a lower floor.
Your four strong arms can wield two-handed weapons with a shield.
You have a pair of large antennae on your head. (SInv)


Message History

You have reached level 7!
There is a staircase leading out of the dungeon here.
As you open the door, it creaks loudly! 2 tyrant leeches come into view.
Found 243 gold pieces.
You miss the tyrant leech. The tyrant leech bites you!!
* * * LOW HITPOINT WARNING * * *
The tyrant leech draws strength from your injuries!
You closely miss the tyrant leech. You block the tyrant leech's attack.
You slash the tyrant leech!
The tyrant leech is moderately wounded.
The tyrant leech bites you!
* * * LOW HITPOINT WARNING * * *
The tyrant leech draws strength from your injuries!
You hit the tyrant leech but do no damage.
The tyrant leech is moderately wounded.
You barely miss the tyrant leech.
The tyrant leech is moderately wounded.
The tyrant leech bites you!!
You die...

{ ## { .##
{##..# { #
#..# ## ##.
#'## .##
#...##.###†.#
#†.<.†.#
#...##@###..#
##. #w# .## #
.#w ## .. ..
##$ .## { ##
##


You could see 2 tyrant leeches.

Vanquished Creatures
  4 necrophages (D)
  4 worker ants (D)
  2 worms (D)
10 creatures vanquished.

Notes
Turn   | Place    | Note
-------+----------+-------------------------------------------
     0 | D        | potatolord5000 the Formicid Fighter began the quest for the Orb.
     0 | D        | Reached XP level 1. HP: 18/18 MP: 1/1
     7 | D        | Reached skill level 4 in Shields
     9 | D        | Reached XP level 2. HP: 10/25 MP: 2/2
   194 | D        | Reached skill level 5 in Shields
   194 | D        | Reached XP level 3. HP: 19/31 MP: 3/3
   200 | D        | Reached skill level 5 in Fighting
   200 | D        | Reached skill level 5 in Armour
   200 | D        | Reached XP level 4. HP: 14/39 MP: 4/4
   206 | D        | Reached skill level 6 in Shields
   214 | D        | Reached XP level 5. HP: 35/46 MP: 5/5
   224 | D        | Noticed a necrophage
   224 | D        | Noticed a necrophage
   224 | D        | Noticed a necrophage
   224 | D        | Noticed a necrophage
   228 | D        | Killed a necrophage
   228 | D        | Reached skill level 5 in Axes
   228 | D        | Reached skill level 7 in Shields
   228 | D        | Reached XP level 6. HP: 35/53 MP: 6/6
   230 | D        | Killed a necrophage
   230 | D        | Reached skill level 8 in Shields
   233 | D        | Killed a necrophage
   233 | D        | Reached skill level 9 in Shields
   236 | D        | Killed a necrophage
   236 | D        | Reached XP level 7. HP: 38/63 MP: 7/7
   239 | D        | Noticed a tyrant leech
   239 | D        | Noticed a tyrant leech
   244 | D        | Demolished by a tyrant leech

Vault maps used:
D:        the_violet_keep_of_menkaure

Skill      XL: |  1  2  3  4  5  6 |
---------------+-------------------+-----
Shields        | 4 5 6 7 9 |  9.4
Armour         | 4 5 7 8 |  8.8
Fighting       | 4 5 6 8 |  8.6
Axes           | 3 4 5 7 |  7.5

Action                   |  1- 3 |  4- 6 |  7- 9 || total
-------------------------+-------+-------+-------++-------
Melee: War axe           |    17 |    21 |     5 ||    43
  Use: Potion            |       |     3 |       ||     3
Armor: Scale mail        |     6 |     2 |       ||     8
Dodge: Dodged            |     6 |     7 |       ||    13
Block: Shield            |     4 |    12 |     1 ||    17
